Map: Lueur nocturne EC

Players

Indy

  • Race: Protoss Protoss
  • League: Master
  • Spawn Location: 5:00

Denver - Winner!

  • Race: Zerg Zerg
  • League: Grandmaster
  • Spawn Location: 11:00

Event: DreamHack SC2 Masters 2020 Winter

VOD

Have the link to the VOD?

Description

Time

  • Played on: Oct. 18, 2020, 3:44 p.m.
  • Length: 6:17

All games in this series

Show
View Real Time Build Order
Export as new Build Order

Indy Protoss 

Build Orders: 1 Gate Expand, Oracle Opening, Phoenix Opening 

Get SALT Encoding   

  12  0:00  Probe  
  13  0:12  Probe  
  14  0:20  Pylon  
  14  0:24  Probe  
  15  0:38  Probe (Chrono Boost)  
  16  0:44  Gateway  
  16  0:47  Probe (Chrono Boost)  
  16  0:49  Assimilator  
  17  0:52  Probe (Chrono Boost)  
  18  1:04  Probe  
  19  1:16  Probe  
  20  1:24  Nexus  
  20  1:33  Cybernetics Core  
  20  1:36  Probe  
  21  1:43  Assimilator  
  21  1:48  Probe  
  21  1:52  Pylon  
  22  2:00  Probe  
  23  2:07  Adept (Chrono Boost)  
  23  2:13  Probe  
  26  2:17  Stargate  
  26  2:25  Probe  
  26  2:29  Warp Gate  
  27  2:32  Adept  
  29  2:38  Probe (Chrono Boost)  
  29  2:41  Probe (Chrono Boost)  
  30  2:49  Probe (Chrono Boost)  
  32  2:52  Probe (Chrono Boost)  
  32  2:53  Probe (Chrono Boost)  
  33  3:00  Phoenix (Chrono Boost)  
  33  3:01  Probe  
  33  3:04  Probe  
  37  3:07  Pylon  
  37  3:13  Probe  
  37  3:14  Robotics Facility  
  37  3:16  Probe  
  39  3:25  Probe  
  40  3:29  Probe  
  40  3:31  Gateway  
  40  3:33  Oracle (Chrono Boost)  
  41  3:37  Probe  
  45  3:41  Probe  
  45  3:46  Pylon  
  46  3:49  Probe  
  46  3:53  Probe  
  48  3:59  Immortal (Chrono Boost)  
  52  4:08  Gateway x2  
  52  4:10  Gateway  
  52  4:21  Stalker  
  54  4:27  Warp Prism (Chrono Boost)  
  56  4:36  Gateway  
  56  4:37  Gateway  
  56  4:38  Gateway  
  56  4:41  Adept  
  58  4:48  Assimilator  
  58  4:49  Probe (Chrono Boost)  
  58  4:52  Pylon  
  59  4:58  Probe (Chrono Boost)  
  60  5:02  Stalker  
  62  5:07  Pylon  
  62  5:08  Pylon  
  62  5:11  Stalker x3  
  68  5:16  Adept  
  68  5:18  Pylon  
  68  5:27  Adept  
  68  5:33  Adept  
  63  5:45  Stalker x4  
  64  6:02  Adept x3  
  59  6:07  Adept  
Show
View Real Time Build Order
Export as new Build Order

Denver Zerg - Winner!

Build Orders: Hatch First 

Get SALT Encoding   

  12  0:01  Drone  
  13  0:12  Overlord  
  13  0:17  Drone  
  14  0:32  Drone x2  
  16  0:48  Hatchery  
  15  0:52  Drone  
  15  0:56  Drone  
  17  0:59  Drone  
  18  1:10  Extractor  
  17  1:13  Spawning Pool  
  17  1:17  Drone  
  17  1:20  Drone  
  18  1:29  Drone  
  19  1:39  Drone  
  20  1:50  Overlord  
  20  2:01  Queen x2  
  20  2:02  Zergling x4  
  26  2:10  Metabolic Boost  
  26  2:11  Drone  
  26  2:14  Drone  
  28  2:21  Drone  
  29  2:26  Drone  
  30  2:37  Hatchery  
  30  2:42  Drone x2  
  31  2:45  Drone  
  31  2:49  Queen  
  34  2:54  Drone  
  34  2:55  Drone  
  36  3:02  Overlord  
  36  3:09  Overlord  
  36  3:14  Pneumatized Carapace  
  36  3:20  Overlord  
  36  3:22  Drone x4  
  36  3:25  Spore Crawler  
  39  3:30  Drone, Spore Crawler  
  39  3:34  Overlord  
  39  3:37  Drone  
  39  3:40  Drone  
  41  3:48  Drone x4  
  45  3:54  Drone x2  
  47  3:59  Queen  
  47  4:02  Spore Crawler  
  48  4:04  Drone x2  
  48  4:05  Drone  
  51  4:11  Overlord  
  51  4:17  Roach Warren  
  51  4:18  Drone x2  
  51  4:20  Drone x2  
  54  4:27  Zergling x6  
  54  4:30  Lair  
  56  4:33  Zergling x4  
  56  4:35  Zergling x2  
  59  4:39  Extractor  
  59  4:42  Overlord  
  59  4:44  Drone x4  
  62  4:50  Overlord  
  62  4:53  Zergling x6  
  62  4:56  Overlord  
  65  5:00  Overlord  
  65  5:02  Roach x2  
  65  5:04  Roach  
  71  5:07  Overlord  
  71  5:13  Roach x2  
  74  5:17  Roach  
  74  5:18  Roach x2  
  79  5:26  Roach x4  
  86  5:30  Spine Crawler  
  86  5:31  Zergling x4  
  85  5:41  Zergling x12  
  88  5:43  Ravager  
  88  5:48  Zergling x8  
  88  5:59  Zergling x12  
Tags
 
Add a new tag
Caveats
  • Supply blocks, unpowered buildings, or Contaminate may cause inaccurate times.
  • Supply counts are checked every 10 seconds.